 Dungeon Crawl Stone Soup version 0.26-a0-466-g989023bd0d (webtiles) character file.

Game seed: 9235570304058136663

5595 KristoblXynda the Grappler (level 10, -6/81 HPs)
             Began as a Troll Hedge Wizard on Aug 2, 2020.
             Was a Follower of Ashenzari.
             Mangled by a hornet (7 damage)
             ... while paralysed by a hornet
             ... on level 9 of the Dungeon.
             The game lasted 00:13:44 (9120 turns).

KristoblXynda the Grappler (Troll Hedge Wizard)     Turns: 9120, Time: 00:13:45

Health: -6/81      AC: 11    Str: 20    XL:     10   Next: 45%
Magic:  0/12       EV:  1    Int: 13    God:    Ashenzari [*.....]
Gold:   378        SH:  0    Dex:  9    Spells: 9/13 levels left

rFire    . . .     SeeInvis .     - Unarmed
rCold    . . .     Faith    .   (no shield)
rNeg     . . .     Spirit   +   E - +0 troll leather armour (curse)
rPois    .         Reflect  .   D - +2 hat {MR+} (curse)
rElec    .         Harm     .   s - +0 cloak
rCorr    .                      (gloves unavailable)
MR       ++...                  (boots unavailable)
Stlth    ++........             m - amulet of guardian spirit
HPRegen  1.03/turn              d - ring of stealth
MPRegen  0.13/turn              A - ring of protection from magic

@: paralysed, brilliant, lethally poisoned (-6 -> -27), stab, slowed
A: large, unfitting armour, claws 3, regeneration 1, shaggy fur 1, tough skin 3
a: Curse Item, Scrying, Renounce Religion


You were on level 9 of the Dungeon.
You worshipped Ashenzari.
Ashenzari was aware of your devotion.
You visited 2 branches of the dungeon, and saw 10 of its levels.
You also visited: Sewer.

You collected 627 gold pieces.
You spent 249 gold pieces at shops.

Inventory:

Hand Weapons
 B - a +2 whip of flaming
Armour
 s - a +0 cloak (worn)
 D - a cursed +2 hat of magic resistance (worn)
 E - a cursed +0 troll leather armour (worn)
Jewellery
 d - a ring of stealth (left claw)
 m - an amulet of guardian spirit (around neck)
 A - a ring of protection from magic (right claw)
Wands
 a - a wand of iceblast (4)
 C - a wand of digging (7)
Scrolls
 c - a scroll of random uselessness {unknown}
 e - 2 scrolls of remove curse
 f - a scroll of magic mapping {unknown}
 h - 3 scrolls of amnesia {unknown}
 j - a scroll of immolation {unknown}
 p - 2 scrolls of blinking
 r - a scroll of noise {unknown}
 u - 3 scrolls of teleportation
 y - a scroll of acquirement {unknown}
 z - a scroll of enchant weapon
 F - a scroll of vulnerability {unknown}
 G - a scroll of fear {unknown}
Potions
 g - 4 potions of haste {unknown}
 i - 3 potions of lignification
 k - 2 potions of mutation {unknown}
 l - 4 potions of brilliance
 n - 4 potions of stabbing
 o - 9 potions of flight
 q - a potion of cancellation {unknown}
 t - 4 potions of heal wounds {unknown}
 v - a potion of magic {unknown}
 w - 9 potions of curing {unknown}
 x - a potion of might {unknown}


   Skills:
 + Level 1.4 Armour
 + Level 7.7 Dodging
 - Level 1.0 Stealth
 + Level 9.0 Unarmed Combat
 - Level 2.0 Spellcasting
 + Level 6.9 Conjurations
   Level 0.6 Summonings
   Level 0.6 Translocations


You had 9 spell levels left.
You knew the following spells:

 Your Spells              Type           Power        Failure   Level
a - Magic Dart            Conj           ####         1%          1
b - Mephitic Cloud        Conj/Pois/Air  ##......     34%         3

Your spell library contained the following spells:

 Spells                   Type           Power        Failure   Level
 Conjure Flame            Conj/Fire      ###.....     22%         3
 Blink                    Tloc           N/A          34%         2
 Call Imp                 Summ           #.......     34%         2
 Slow                     Hex            #.......     41%         2


Dungeon Overview and Level Annotations

Branches:
Dungeon (9/15)             Temple (1/1) D:5           Sewer (visited)
   Lair: D:8-11         Orc: D:9-12

Altars:
Ashenzari
Cheibriados
Dithmenos
Fedhas
Kikubaaqudgha
Makhleb
Nemelex Xobeh
Ru
Sif Muna
Vehumet
Wu Jian
Xom
The Shining One

Shops:
D:4 [[*(   D:7 [   D:8 }


Innate Abilities, Weirdness & Mutations

You are too large for most types of armour.
You have claws for hands.
Your natural rate of healing is unusually fast.
You are covered in fur. (AC +1)
You have extremely tough skin. (AC +3)


Message History

It was a potion of brilliance.
You feel clever all of a sudden.
You feel very sick. The hornet closely misses you.
The hornet stings you but does no damage.
Unknown command.
It was a potion of stabbing.
You feel ready to backstab.
You feel very sick. The hornet stings you.
* * * LOW HITPOINT WARNING * * *
You are lethally poisoned!
You suddenly lose the ability to move!
The hornet stings you!
* * * LOW HITPOINT WARNING * * *
You are more poisoned.
You feel as though you will be slow longer.
* * * LOW HITPOINT WARNING * * *
You feel very sick. The hornet stings you!
You die...

#.................
#####.######.#####
##.###.# #........
####...##.####.#.#)...
+.....................
####...##.####.#.#....
###........#.#....#.
#........#.#.###.##.
#.#@###..# #.# #.##.
#.#y.....# #.###.##. #
#..###.# #........
#..# .# #####.### .?..
#.# ##.## #.### .#
#.... .# #####


You could see a hornet.

Vanquished Creatures
  Pikel (D:6)
  Joseph (D:9)
  A troll (D:9)
  2 hippogriffs
  Sigmund (D:2)
  3 yaks (D:9)
  Edmund (D:4)
  4 sky beasts
  An ice beast (D:9)
  4 phantoms
  5 ogres
  An orc warrior (D:9)
  4 centaurs
  2 lemures (D:6)
  2 big kobolds
  Blork the orc (D:4)
  A bullfrog (D:6)
  4 scorpions
  3 howler monkeys
  A bullfrog zombie (D:5)
  A quasit (D:7)
  Crazy Yiuf (D:3)
  A centaur zombie (D:5)
  A gnoll shaman (D:5)
  An orc priest (D:4)
  5 hounds
  2 jellies
  4 iguanas
  2 orc wizards
  9 worker ants
  2 hound zombies (D:6)
  A hound skeleton (D:4)
  A worker ant zombie (D:8)
  9 gnolls
  2 howler monkey skeletons
  18 adders
  2 river rats (Sewer)
  A shadow imp (D:5)
  A white imp (D:3)
  An ufetubus (D:9)
  3 oozes
  2 adder skeletons (D:7)
  An adder zombie (D:7)
  2 worms
  2 dart slugs (D:1)
  14 leopard geckos
  27 orcs
  7 ball pythons
  9 giant cockroaches
  10 goblins
  10 hobgoblins
  4 jackals
  28 kobolds
  2 quokkas (D:2)
  3 bats
  8 frilled lizards
  A quokka skeleton (D:6)
  29 rats
270 creatures vanquished.

Vanquished Creatures (others)
  A plant (D:4)
1 creature vanquished.

Grand Total: 271 creatures vanquished

Notes
Turn   | Place    | Note
-------+----------+-------------------------------------------
     0 | D:1      | KristoblXynda the Troll Hedge Wizard began the quest for
                  | the Orb.
     0 | D:1      | Reached XP level 1. HP: 16/16 MP: 2/2
   170 | D:1      | Reached skill level 1 in Conjurations
   170 | D:1      | Reached XP level 2. HP: 23/24 MP: 4/4
   206 | D:1      | Reached skill level 1 in Unarmed Combat
   393 | D:1      | Reached XP level 3. HP: 28/31 MP: 5/5
  1068 | D:2      | Noticed Sigmund
  1303 | D:2      | Reached skill level 2 in Unarmed Combat
  1303 | D:2      | Reached XP level 4. HP: 36/39 MP: 6/6
  1317 | D:2      | Killed Sigmund
  1317 | D:2      | Reached skill level 3 in Unarmed Combat
  1317 | D:2      | Reached XP level 5. HP: 37/45 MP: 7/7
  1503 | D:3      | Found a shadowy altar of Dithmenos.
  1630 | D:3      | Found a shimmering blue altar of Sif Muna.
  1631 | D:3      | Reached XP level 6. HP: 53/53 MP: 8/8
  2152 | D:3      | Found a runed translucent door.
  2153 | D:3      | Noticed Crazy Yiuf
  2260 | D:3      | Killed Crazy Yiuf
  2512 | D:4      | Found Tiodd's Antique Armour Emporium.
  2581 | D:4      | Learned a level 3 spell: Mephitic Cloud
  2636 | D:4      | Reached skill level 4 in Unarmed Combat
  2680 | D:4      | Reached XP level 7. HP: 52/59 MP: 9/9
  3066 | D:4      | Noticed Edmund
  3078 | D:4      | Killed Edmund
  3078 | D:4      | Reached skill level 5 in Unarmed Combat
  3281 | D:4      | Found Veghiap's Armour Boutique.
  3309 | D:4      | Reached XP level 8. HP: 64/67 MP: 10/10
  3365 | D:4      | Found Zus Fiwn's Assorted Antiques.
  3376 | D:4      | Found Qojolig's Antique Weapon Shoppe.
  3379 | D:4      | Bought a scroll of remove curse for 66 gold pieces
  3379 | D:4      | Bought a scroll labeled HOFROI IFAO for 22 gold pieces
  3387 | D:4      | Found Saminnua's Assorted Antiques.
  3491 | D:4      | Noticed Blork the orc
  3504 | D:4      | Killed Blork the orc
  3740 | D:4      | Found a burning altar of Makhleb.
  3770 | D:5      | Entered Level 5 of the Dungeon
  3824 | D:5      | Found a staircase to the Ecumenical Temple.
  3833 | Temple   | Entered the Ecumenical Temple
  3840 | Temple   | Became a worshipper of Ashenzari the Shackled
  3915 | D:5      | Found a glowing drain.
  3924 | Sewer    | Entered a sewer
  4098 | Sewer    | Reached skill level 5 in Dodging
  4724 | D:5      | Reached skill level 6 in Unarmed Combat
  5111 | D:5      | Reached skill level 5 in Conjurations
  6128 | D:6      | Reached XP level 9. HP: 69/74 MP: 8/11
  6217 | D:6      | Noticed Pikel
  6250 | D:6      | Killed Pikel
  6250 | D:6      | Reached skill level 7 in Unarmed Combat
  6821 | D:7      | Found Puod Syl's Antique Armour Shoppe.
  6828 | D:7      | Bought a glowing hat for 161 gold pieces
  7566 | D:8      | Reached * piety under Ashenzari
  7648 | D:8      | Found Caurri's Gadget Boutique.
  7659 | D:8      | Reached skill level 8 in Unarmed Combat
  8101 | D:8      | Found a snail-covered altar of Cheibriados.
  8354 | D:9      | Reached XP level 10. HP: 67/81 MP: 7/12
  8852 | D:9      | Noticed Joseph
  8877 | D:9      | Killed Joseph
  8877 | D:9      | Reached skill level 1 in Armour
  8985 | D:9      | Reached skill level 9 in Unarmed Combat
  9109 | D:9      | Paralysed by a hornet for 2 turns
  9119 | D:9      | Paralysed by a hornet for 2 turns
  9119 | D:9      | HP: 4/81 [hornet (6)]
  9120 | D:9      | HP: 1/81 [poisoned by a hornet]
  9120 | D:9      | Mangled by a hornet

Illustrated notes

Levels and vault maps discovered:
D:1:      dpeg_cavernosity, layout_basic
D:2:      layout_rooms, uniq_sigmund
D:3:      layout_rooms, nicolae_overflow_crystal_walls, minivault_24,
          grunt_dithmenos_smoke, uniq_crazy_yiuf_cottage
D:4:      layout_loops_corners, serial_shops, shop, shop_statue,
          nicolae_shop_waterfront, shop, nicolae_shop_overgrown_old_shop,
          lemuel_tele_altar, uniq_blork_the_orc, uniq_edmund
D:5:      lemuel_ice_spiral_2, layout_basic, minmay_temple_entry_crystal_x,
          gup_sewer_entry_pipe
D:6:      layout_loops_ring, uniq_pikel
D:7:      layout_basic, serial_shops, shop
D:8:      layout_layer_cave, serial_shops, shop_statue, cheibrodos_worm_habitat
D:9:      layout_loops_corners, uniq_joseph
Temple:   compressed_dpeg_triangle_lava_temple

Skill      XL: |  1  2  3  4  5  6  7  8  9 10 |
---------------+-------------------------------+-----
Conjurations   | 1 2 3 4 5 6 |  6.9
Unarmed Combat | 1 2 3 4 5 6 8 9 |  9.0
Dodging        | 2 3 4 5 7 |  7.7
Armour         | 1 |  1.4
Stealth        | |  1.0
Spellcasting   | |  2.0
Summonings     | |  0.6
Translocations | |  0.6

Action                   |  1- 3 |  4- 6 |  7- 9 | 10-12 || total
-------------------------+-------+-------+-------+-------++-------
Melee: Unarmed           |   129 |   161 |   581 |   156 ||  1027
       Punch             |     1 |     3 |    11 |     6 ||    21
Invok: Curse Item        |       |       |     1 |     1 ||     2
Evoke: Wand              |       |       |     1 |       ||     1
  Use: Scroll            |     2 |     3 |     2 |     1 ||     8
       Potion            |       |     1 |       |     2 ||     3
 Stab: Sleeping          |       |     2 |     8 |     2 ||    12
Armor: Robe              |    51 |    56 |   206 |    17 ||   330
       Skin              |       |     4 |       |       ||     4
       Troll leather arm |       |       |       |    23 ||    23
Dodge: Dodged            |    81 |    75 |   324 |    68 ||   548

Table legend: (Time is in decaauts)
 A = Elapsed time spent in this place.
 B = Non-inter-level travel time spent in this place.
 C = Inter-level travel time spent in this place.
 D = Time resting spent in this place.
 E = Time spent auto-exploring this place.
 F = Levels seen in this place.
 G = Mean time per level.
                   A        B        C        D        E       F      G
               +--------+--------+--------+--------+--------+-----+--------+
         Total |   9059 |   8679 |    380 |   1124 |   5221 |  11 |  823.5 |
       Dungeon |   8486 |   8106 |    380 |   1112 |   4930 |   9 |  942.9 |
        Temple |     20 |     20 |      0 |      0 |      0 |   1 |   20.0 |
         Sewer |    552 |    552 |      0 |     12 |    291 |   1 |  552.0 |
               +--------+--------+--------+--------+--------+-----+--------+

Top non-repeatable levels by time:
     D:4: 1515 daAuts
     D:5: 1458 daAuts
     D:1: 1103 daAuts
     D:3: 879 daAuts
     D:8: 861 daAuts
     D:9: 763 daAuts
     D:6: 755 daAuts
     D:7: 689 daAuts
   Sewer: 552 daAuts
     D:2: 460 daAuts
  Temple: 20 daAuts
